 Dungeon Crawl Stone Soup version 0.21.1-1-g345015f (webtiles) character file.

28 theblackcape the Thaumaturge (level 3, -1/25 HPs)
             Began as a Gnoll Wanderer on June 22, 2018.
             Slain by a kobold
             ... wielding a +0 short sword
              (5 damage)
             ... on level 2 of the Dungeon.
             The game lasted 00:05:20 (1610 turns).

theblackcape the Thaumaturge (Gnoll Wanderer)       Turns: 1610, Time: 00:05:21

Health: -1/25      AC:  2    Str: 14    XL:     3   Next: 12%
Magic:  8/13       EV: 12    Int: 15    God:
Gold:   29         SH:  0    Dex: 14    Spells: 17/20 levels left

rFire    . . .     SeeInvis .   n - +4 mace
rCold    . . .     Gourm    .   (no shield)
rNeg     . . .     Faith    .   d - +0 robe
rPois    .         Spirit   .   (no helmet)
rElec    .         Reflect  .   (no cloak)
rCorr    .         Harm     .   (no gloves)
MR       .....                  (no boots)
Stlth    ++........             (no amulet)
HPRegen  0.08/turn              l - +1 ring of evasion
MPRegen  0.13/turn              (no ring)

@: lethally poisoned (-1 -> -3)
A: distributed training, fangs 1, strong nose
a: no special abilities


You were on level 2 of the Dungeon.
You were not hungry.

You visited 1 branch of the dungeon, and saw 2 of its levels.

You collected 29 gold pieces.

Inventory:

Hand Weapons
 n - a +4 mace (weapon)
Armour
 d - a +0 robe (worn)
Jewellery
 l - a +1 ring of evasion (left hand)
Scrolls
 e - 3 scrolls of identify
 g - a scroll of enchant armour {unknown}
 h - 2 scrolls of remove curse
 j - a scroll of amnesia {unknown}
 o - a scroll of teleportation {unknown}
Potions
 c - 2 potions of curing
 i - a potion of haste {unknown}
 k - a potion of berserk rage {unknown}
Books
 a - a book of Maledictions

   Spells                             Type                      Level
   a - Corona                         Hexes                        1
   b - Ensorcelled Hibernation        Hexes/Ice                    2
   c - Confuse                        Hexes                        3
   d - Tukima's Dance                 Hexes                        3
   e - Dazzling Spray                 Conjuration/Hexes            3
 b - Sif Muna's Catalogue of Dislocation

   Spells                             Type                      Level
   a - Apportation                    Translocation                1
   b - Gell's Gravitas                Translocation                3
Comestibles
 f - 4 rations
 m - a chunk of flesh


   Skills:
 + Level 0.6 Fighting
 + Level 0.6 Short Blades
 + Level 0.6 Long Blades
 + Level 0.6 Axes
 + Level 0.6 Maces & Flails
 + Level 0.6 Polearms
 + Level 0.6 Staves
 + Level 0.6 Slings
 + Level 0.6 Bows
 + Level 0.6 Crossbows
 + Level 2.5 Throwing
 + Level 0.6 Armour
 + Level 0.6 Dodging
 + Level 0.6 Stealth
 + Level 2.5 Shields
 + Level 0.6 Unarmed Combat
 + Level 9.2 Spellcasting
 + Level 0.4 Conjurations
 + Level 2.1 Hexes
 + Level 2.1 Charms
 + Level 0.4 Summonings
 + Level 0.4 Necromancy
 + Level 0.4 Translocations
 + Level 0.4 Transmutations
 + Level 0.4 Fire Magic
 + Level 0.4 Ice Magic
 + Level 0.4 Air Magic
 + Level 0.4 Earth Magic
 + Level 3.7 Poison Magic
 + Level 0.8 Invocations
 + Level 0.6 Evocations


You had 17 spell levels left.
You knew the following spells:

 Your Spells              Type           Power        Failure   Level  Hunger
a - Corona                Hex            ##.....      4%          1    None
b - Ensorcelled Hibernat  Hex/Ice        ##....       10%         2    None


Dungeon Overview and Level Annotations

Branches:
Dungeon (2/15)

Altars:


Innate Abilities, Weirdness & Mutations

Your experience applies equally to all skills.
You have very sharp teeth.
Your uncanny sense of smell can sniff out nearby items.


Message History

The adder is almost dead.
The adder barely misses you. The kobold hits you with a short sword.
You barely miss the adder.
The adder is almost dead.
You feel sick. The adder misses you. The adder closely misses you.
The kobold misses you.
You barely miss the adder.
The adder is almost dead.
The adder bites you but does no damage. The kobold misses you.
The adder barely misses you. The ooze barely misses you.
You closely miss the adder.
The adder is almost dead.
The adder bites you.
* * * LOW HITPOINT WARNING * * *
The kobold hits you with a short sword.
* * * LOW HITPOINT WARNING * * *
The ooze hits you.
* * * LOW HITPOINT WARNING * * *
The adder closely misses you. The kobold hits you with a short sword.
You die...

...#............##...........#
...รท.)......###.##...........#
.#.#.######## #.##...........#
.#.#.####### #. #.#..........
...........# #...........#
#..........# #...........#
##........[# .# ...
...........######J#.....
................@K......
........>..######S#.....
...........# ... ...
...........# ..... .
.......##### ....... .......#
....... ......## .......
.....## ?...... #####


You could see an ooze, an adder and a kobold.

Vanquished Creatures
  A worm (D:2)
  4 bats
  4 giant cockroaches
  6 hobgoblins
  2 frilled lizards
  2 goblins
  2 kobolds
  2 rats (D:2)
23 creatures vanquished.

Notes
Turn   | Place    | Note
-------+----------+-------------------------------------------
     0 | D:1      | Reached skill level 9 in Spellcasting
     0 | D:1      | theblackcape the Gnoll Wanderer began the quest for the Orb.
     0 | D:1      | theblackcape set off with: a book of Maledictions, Sif Muna's Catalogue of Dislocation, a potion of curing, a +0 robe, a +0 club, a ration
     0 | D:1      | Reached XP level 1. HP: 13/13 MP: 10/10
     0 | D:1      | Identified Sif Muna's Catalogue of Dislocation
     2 | D:1      | Learned a level 1 spell: Corona
   476 | D:1      | Reached XP level 2. HP: 17/19 MP: 9/12
   999 | D:2      | HP: 1/20 [worm (11)]
  1284 | D:2      | Learned a level 2 spell: Ensorcelled Hibernation
  1428 | D:2      | Reached XP level 3. HP: 21/25 MP: 8/13
  1610 | D:2      | Slain by a kobold

Skill      XL: |  1 |
---------------+----+-----
Spellcasting   | |  9.2
Hexes          | 2 |  2.1
Charms         | 2 |  2.1
Fighting       | |  0.6
Short Blades   | |  0.6
Long Blades    | |  0.6
Axes           | |  0.6
Maces & Flails | |  0.6
Polearms       | |  0.6
Staves         | |  0.6
Slings         | |  0.6
Bows           | |  0.6
Crossbows      | |  0.6
Throwing       | |  2.5
Armour         | |  0.6
Dodging        | |  0.6
Stealth        | |  0.6
Shields        | |  2.5
Unarmed Combat | |  0.6
Conjurations   | |  0.4
Summonings     | |  0.4
Necromancy     | |  0.4
Translocations | |  0.4
Transmutations | |  0.4
Fire Magic     | |  0.4
Ice Magic      | |  0.4
Air Magic      | |  0.4
Earth Magic    | |  0.4
Poison Magic   | |  3.7
Invocations    | |  0.8
Evocations     | |  0.6

Action                   || total
-------------------------++-------
Melee: Whip              ||    30
       Club              ||     8
       Bite              ||     5
       Mace              ||    31
 Cast: Corona            ||    24
       Ensorcelled Hiber ||    14
  Use: Scroll            ||     1
 Stab: Sleeping          ||     5
  Eat: Chunk             ||     2
Armor: Robe              ||    19
Dodge: Dodged            ||    64
